Oilers vs Canucks

Created - 9 mars 2022 at 16:57

Goals
1 2 3 T
Oilers 1 0 2 3
Canucks 0 2 2 4
Shots
1 2 3 T
Oilers 7 7 18 32
Canucks 3 13 6 22

GoalsPenalties
1st period
1. Oilers , Tyler Motte 11 (Brian Dumoulin 21, Mike Reilly 17) at 10:28
P.K. Subban (VAN) for Interference (Minor) at 16:26
Tyler Motte (EDM) for Slashing (Minor) at 16:26
2nd period
2. Canucks , Quinton Byfield 4 (Christian Fischer 12, P.K. Subban 25) at 6:47
3. Canucks , Alexander Kerfoot 14 (Jared Spurgeon 38, P.K. Subban 26) at 10:37 (PP)
Mark Giordano (EDM) for Hooking (Minor) at 9:49
Kevin Hayes (EDM) for Interference (Minor) at 12:16
3rd period
4. Oilers , Justin Faulk 9 (Joe Pavelski 32, Alex Iafallo 28) at 2:20 (PP)
5. Oilers , Tomas Tatar 13 (Justin Faulk 22, Alex Iafallo 29) at 12:59 (PP)
6. Canucks , P.K. Subban 10 (Austin Wagner 10, Alex Galchenyuk 9) at 18:21
7. Canucks , Jared Spurgeon 13 (Alexander Kerfoot 28, Austin Wagner 11) at 18:44
P.K. Subban (VAN) for Boarding (Minor) at 2:01
Ryan Pulock (EDM) for Holding (Minor) at 9:01
Dakota Mermis (VAN) for Slashing (Minor) at 11:25
Goalie Stats
Connor Hellebuyck (EDM), 18 saves from 22 shots - (0,818), L, 31-17-7, 60:00 minutes
Chris Driedger (VAN), 29 saves from 32 shots - (0,906), W, 6-4-0, 60:00 minutes
3 StarsOfficial
1 - P.K. Subban (VAN)
2 - Jared Spurgeon (VAN)
3 - Austin Wagner (VAN)
Referees : Tom Chmielewski and Kyle Rehman
Linesman : Tony Sericolo and Shandor Alphonso
Game Note
No Game Note



Team Name Goals Shots Shots Attemp Shots Blocked PIM HIT PP PK FO%
Oilers 33264108202 / 2 (100%)151%
Canucks 42251106191 / 3 (33%)249%

Oilers
Player Name POS G A P +/- PIM HIT SHT SB MP PP MP PP SHT PK MP PK SHT FO% FOT
Alex IafalloC/LW022-3005019:480:5802:2900% 0
Brian DumoulinD0111010218:540:0003:0900% 0
Casey CizikasC000001009:250:0002:17069% 13
Christian DvorakC/LW0001002012:310:0000:00038% 13
Devin ShoreC/LW000000007:080:0000:0000% 0
Joe PavelskiC/RW011-3022018:290:5800:00054% 24
John TavaresC0000001017:060:5500:00053% 19
Jordan EberleRW0001002012:310:0000:00050% 2
Justin FaulkD1120003122:110:5822:2000% 0
Keith YandleD000-3021119:380:5510:0000% 0
Kevin HayesC/RW0000221017:260:5500:000100% 1
Logan CoutureC/LW0000015219:350:5512:29033% 6
Mark GiordanoD000-3241122:580:5801:5100% 0
Mike ReillyD0111000115:450:0000:3200% 0
Robby FabbriC/LW/RW000000207:080:0000:0000% 0
Ryan PulockD0000211020:320:5511:4000% 0
Tomas TatarLW/RW101-3043017:190:5820:0000% 2
Tyler MotteC/LW/RW1011223214:470:0002:1710% 1
Canucks
Player Name POS G A P +/- PIM HIT SHT SB MP PP MP PP SHT PK MP PK SHT FO% FOT
Alex GalchenyukC/LW0112012019:062:3510:59052% 23
Alexander KerfootC/LW/RW1122003017:052:3510:00040% 5
Artem ZubD000-1003020:361:4220:5900% 0
Arttu RuotsalainenC000000009:210:0000:00029% 14
Austin WagnerLW/RW0222043017:052:3520:0000% 1
Christian FischerRW0111001012:420:0000:0000% 0
Dakota MermisD0000201014:230:0000:0000% 0
David BackesC/RW000001019:210:0000:0000% 0
Ian ColeD000-1020520:361:4200:5900% 0
Jack HughesC/LW/RW000-1001018:512:1110:5400% 0
Jan RuttaD0000000015:260:0000:0000% 0
Jared SpurgeonD1123002125:003:0410:5400% 0
Karson KuhlmanC/RW000001009:210:0000:0000% 0
P.K. SubbanD1233442323:563:0410:5400% 0
Quinton ByfieldC1011012012:420:0000:00033% 9
Ryan GetzlafC000-1050018:512:1100:54072% 25
Sam GagnerC/LW/RW0001000012:420:0000:00033% 3
Trevor MooreC/LW/RW000-1002019:012:1100:5900% 1

Oilers

5 vs 5 Forward
Line #Left WingCenterRight WingPHYDFOFWanted %Time %Time Play
1Alex IafalloJoe PavelskiTomas Tatar0413232%16:21
2Logan CoutureJohn TavaresKevin Hayes0323030%15:22
3Tyler MotteChristian DvorakJordan Eberle0412324%12:31
4Devin ShoreCasey CizikasRobby Fabbri1311514%7:08
5 vs 5 Defense
Line #DefenseDefensePHYDFOFWanted %Time %Time Play
1Justin FaulkRyan Pulock0413834%17:26
2Keith YandleMark Giordano0323836%18:43
3Brian DumoulinMike Reilly0412430%15:13
4Keith YandleMark Giordano13100%0:00
Power Play Forward
Line #Left WingCenterRight WingPHYDFOFWanted %Time %Time Play
1Logan CoutureJohn TavaresKevin Hayes0325049%0:55
2Alex IafalloJoe PavelskiTomas Tatar0415051%0:58
Power Play Defense
Line #DefenseDefensePHYDFOFWanted %Time %Time Play
1Keith YandleRyan Pulock0325049%0:55
2Justin FaulkMark Giordano0415051%0:58
Penalty Kill 4 Players Forward
Line #CenterWingPHYDFOFWanted %Time %Time Play
1Casey CizikasTyler Motte1225048%2:17
2Logan CoutureAlex Iafallo0325052%2:29
Penalty Kill 4 Players Defense
Line #DefenseDefensePHYDFOFWanted %Time %Time Play
1Mark GiordanoBrian Dumoulin1225049%2:21
2Ryan PulockJustin Faulk0325051%2:25
Penalty Kill 3 Players
Line #WingPHYDFOFWanted %Time %Time PlayDefenseDefensePHYDFOFWanted %Time %Time Play
1Casey Cizikas122500%0:00 Mark GiordanoBrian Dumoulin122500%0:00
2Logan Couture122500%0:00 Justin FaulkRyan Pulock122500%0:00
4 vs 4 Forward
Line #CenterWingPHYDFOFWanted %Time %Time Play
1John TavaresLogan Couture1225041%0:49
2Joe PavelskiKevin Hayes1225059%1:10
4 vs 4 Defense
Line #DefensePHYDFOFWanted %Time %Time Play
1Mark GiordanoJustin Faulk1225073%50% - 1:27
2Ryan PulockBrian Dumoulin1225027%50% - 0:32
Last Minutes Offensive
Left WingCenterRight WingDefenseDefense
Logan CoutureJohn TavaresTomas TatarMark GiordanoJustin Faulk
Last Minutes Defensive
Left WingCenterRight WingDefenseDefense
Logan CoutureCasey CizikasTyler MotteMark GiordanoBrian Dumoulin
Time
Total ForwardTotal DefenseLast Minutes OffensiveLast Minutes Defensive
60:00 60:00 0:000:00
Extra Forwards
Normal PowerPlayPenalty Kill
John Tavares, Tomas Tatar, Tyler MotteKevin Hayes, Tomas TatarTyler Motte
Extra Defensemen
Normal PowerPlayPenalty Kill
Mark Giordano, Ryan Pulock, Brian DumoulinMark Giordano, Ryan PulockBrian Dumoulin
Penalty Shots
Tomas Tatar, John Tavares, Jordan Eberle, Logan Couture, Robby Fabbri
Goalie
Connor Hellebuyck, Craig Anderson
Custom OT Lines Forwards
Logan Couture, John Tavares, Kevin Hayes, Joe Pavelski, Christian Dvorak, Alex Iafallo, Tomas Tatar, Tyler Motte, Robby Fabbri, Jordan Eberle
Custom OT Lines Defensemen
Mark Giordano, Justin Faulk, Ryan Pulock, Brian Dumoulin, Mike Reilly
Scratches
Vinnie Hinostroza (Healthy), Kevin Labanc (Healthy), Anton Stralman (Healthy)

Canucks

5 vs 5 Forward
Line #Left WingCenterRight WingPHYDFOFWanted %Time %Time Play
1Jack HughesRyan GetzlafTrevor Moore1223029%14:42
2Alexander KerfootAlex GalchenyukAustin Wagner1223028%14:30
3Sam GagnerQuinton ByfieldChristian Fischer1222425%12:42
4David BackesArttu RuotsalainenKarson Kuhlman1221618%9:21
5 vs 5 Defense
Line #DefenseDefensePHYDFOFWanted %Time %Time Play
1Jared SpurgeonP.K. Subban1223026%13:16
2Ian ColeArtem Zub1223033%16:58
3Jan RuttaDakota Mermis1222428%14:17
4Jared SpurgeonP.K. Subban1221613%6:44
Power Play Forward
Line #Left WingCenterRight WingPHYDFOFWanted %Time %Time Play
1Jack HughesRyan GetzlafTrevor Moore1225046%2:11
2Alexander KerfootAlex GalchenyukAustin Wagner1225054%2:35
Power Play Defense
Line #DefenseDefensePHYDFOFWanted %Time %Time Play
1Jared SpurgeonP.K. Subban1225064%3:04
2Ian ColeArtem Zub1225036%1:42
Penalty Kill 4 Players Forward
Line #CenterWingPHYDFOFWanted %Time %Time Play
1Ryan GetzlafJack Hughes1225048%0:54
2Alex GalchenyukTrevor Moore1225052%0:59
Penalty Kill 4 Players Defense
Line #DefenseDefensePHYDFOFWanted %Time %Time Play
1Jared SpurgeonP.K. Subban1225048%0:54
2Ian ColeArtem Zub1225052%0:59
Penalty Kill 3 Players
Line #WingPHYDFOFWanted %Time %Time PlayDefenseDefensePHYDFOFWanted %Time %Time Play
1Ryan Getzlaf122500%0:00 Jared SpurgeonP.K. Subban122500%0:00
2Jack Hughes122500%0:00 Ian ColeArtem Zub122500%0:00
4 vs 4 Forward
Line #CenterWingPHYDFOFWanted %Time %Time Play
1Ryan GetzlafJack Hughes1225048%0:57
2Alex GalchenyukTrevor Moore1225052%1:02
4 vs 4 Defense
Line #DefensePHYDFOFWanted %Time %Time Play
1Jared SpurgeonP.K. Subban1225052%50% - 1:02
2Ian ColeArtem Zub1225048%50% - 0:57
Last Minutes Offensive
Left WingCenterRight WingDefenseDefense
Jack HughesRyan GetzlafTrevor MooreJared SpurgeonP.K. Subban
Last Minutes Defensive
Left WingCenterRight WingDefenseDefense
Jack HughesRyan GetzlafTrevor MooreJared SpurgeonP.K. Subban
Time
Total ForwardTotal DefenseLast Minutes OffensiveLast Minutes Defensive
60:00 60:00 0:000:07
Extra Forwards
Normal PowerPlayPenalty Kill
Karson Kuhlman, Quinton Byfield, Arttu RuotsalainenKarson Kuhlman, Quinton ByfieldArttu Ruotsalainen
Extra Defensemen
Normal PowerPlayPenalty Kill
Jan Rutta, Dakota Mermis, Ian ColeJan Rutta, Dakota MermisIan Cole
Penalty Shots
Ryan Getzlaf, Jack Hughes, Alex Galchenyuk, Trevor Moore, Quinton Byfield
Goalie
Chris Driedger, Thatcher Demko
Custom OT Lines Forwards
Ryan Getzlaf, Jack Hughes, Alex Galchenyuk, Trevor Moore, Quinton Byfield, Alexander Kerfoot, Arttu Ruotsalainen, Austin Wagner, Christian Fischer, David Backes
Custom OT Lines Defensemen
Jared Spurgeon, P.K. Subban, Ian Cole, Artem Zub, Jan Rutta
Scratches
Jonathan Drouin (Right Foot Injury), Jordan Oesterle (Healthy), Laurent Dauphin (Healthy)


Play-by-Play

1st period


0:01 of 1st period - Ryan Getzlaf wins face-off versus Joe Pavelski in neutral zone.
0:01 of 1st period - Jack Hughes is hit by Joe Pavelski and loses puck.
0:15 of 1st period - Icing by Tomas Tatar.
0:16 of 1st period - Joe Pavelski wins face-off versus Alex Galchenyuk in Oilers zone.
1:02 of 1st period - Off-side.
1:03 of 1st period - John Tavares wins face-off versus Sam Gagner in neutral zone.
1:14 of 1st period - Shot by John Tavares.
1:14 of 1st period - Stopped by Chris Driedger without a rebound.
1:15 of 1st period - Christian Dvorak wins face-off versus Arttu Ruotsalainen in Canucks zone.
1:15 of 1st period - Christian Dvorak is hit by P.K. Subban.
1:21 of 1st period - Shot by Christian Dvorak.
1:21 of 1st period - Shot Misses the Net.
1:23 of 1st period - Shot by Christian Dvorak.
1:23 of 1st period - Shot Misses the Net.
1:27 of 1st period - Shot by Christian Dvorak.
1:27 of 1st period - Shot Blocked by P.K. Subban.
1:41 of 1st period - Shot by Christian Dvorak.
1:41 of 1st period - Shot Misses the Net.
1:57 of 1st period - Shot by Christian Dvorak.
1:57 of 1st period - Shot Misses the Net.
2:31 of 1st period - Shot by Trevor Moore.
2:31 of 1st period - Stopped by Connor Hellebuyck without a rebound.
2:32 of 1st period - Casey Cizikas wins face-off versus Quinton Byfield in Oilers zone.
3:12 of 1st period - Sam Gagner is hit by Ryan Pulock and loses puck.
3:23 of 1st period - Shot by Ryan Getzlaf.
3:23 of 1st period - Deflect By Trevor Moore.
3:23 of 1st period - Shot Misses the Net.
4:16 of 1st period - Off-side.
4:17 of 1st period - Alex Galchenyuk wins face-off versus Joe Pavelski in neutral zone.
4:19 of 1st period - P.K. Subban is hit by Brian Dumoulin and loses puck.
4:28 of 1st period - Shot by Alexander Kerfoot.
4:28 of 1st period - Shot Blocked by Brian Dumoulin.
5:01 of 1st period - Off-side.
5:02 of 1st period - John Tavares wins face-off versus Quinton Byfield in neutral zone.
5:58 of 1st period - Icing by Dakota Mermis.
5:59 of 1st period - Ryan Getzlaf wins face-off versus Christian Dvorak in Canucks zone.
5:59 of 1st period - Ryan Getzlaf is hit by Tyler Motte.
7:26 of 1st period - Shot by Alexander Kerfoot.
7:26 of 1st period - Stopped by Connor Hellebuyck without a rebound.
7:27 of 1st period - John Tavares wins face-off versus Arttu Ruotsalainen in Oilers zone.
7:34 of 1st period - Shot by Arttu Ruotsalainen.
7:34 of 1st period - Shot Misses the Net.
7:36 of 1st period - Shot by David Backes.
7:36 of 1st period - Shot Misses the Net.
7:47 of 1st period - David Backes is hit by Mark Giordano and loses puck.
7:56 of 1st period - Shot by David Backes.
7:56 of 1st period - Shot Misses the Net.
7:58 of 1st period - Shot by David Backes.
7:58 of 1st period - Shot Blocked by Logan Couture.
8:03 of 1st period - Arttu Ruotsalainen is hit by Mark Giordano and loses puck.
8:31 of 1st period - Alex Galchenyuk is hit by Keith Yandle and loses puck.
8:34 of 1st period - Shot by Austin Wagner.
8:34 of 1st period - Shot Misses the Net.
9:36 of 1st period - Shot by Sam Gagner.
9:36 of 1st period - Shot Blocked by Justin Faulk.
9:44 of 1st period - Shot by Joe Pavelski.
9:44 of 1st period - Shot Misses the Net.
10:28 of 1st period - Shot by Tyler Motte.
10:28 of 1st period - Goal by Tyler Motte - Oilers : 1 - Canucks : 0.
10:29 of 1st period - Casey Cizikas wins face-off versus Arttu Ruotsalainen in neutral zone.
10:31 of 1st period - Off-side.
10:32 of 1st period - Alexander Kerfoot wins face-off versus Casey Cizikas in neutral zone.
10:42 of 1st period - Shot by Austin Wagner.
10:42 of 1st period - Shot Misses the Net.
10:44 of 1st period - Shot by Jared Spurgeon.
10:44 of 1st period - Shot Misses the Net.
12:02 of 1st period - Shot by Quinton Byfield.
12:02 of 1st period - Shot Misses the Net.
12:04 of 1st period - Shot by Quinton Byfield.
12:04 of 1st period - Shot Blocked by Brian Dumoulin.
12:31 of 1st period - Icing by Tyler Motte.
12:32 of 1st period - Christian Dvorak wins face-off versus Arttu Ruotsalainen in Oilers zone.
12:34 of 1st period - Icing by Tyler Motte.
12:35 of 1st period - Arttu Ruotsalainen wins face-off versus Christian Dvorak in Oilers zone.
12:51 of 1st period - Mark Giordano is hit by P.K. Subban and loses puck.
12:57 of 1st period - Tyler Motte is hit by P.K. Subban and loses puck.
13:29 of 1st period - Joe Pavelski is hit by P.K. Subban and loses puck.
13:35 of 1st period - Icing by Jared Spurgeon.
13:36 of 1st period - John Tavares wins face-off versus Arttu Ruotsalainen in Canucks zone.
13:37 of 1st period - Shot by Kevin Hayes.
13:37 of 1st period - Shot Misses the Net.
13:39 of 1st period - Shot by Logan Couture.
13:39 of 1st period - Stopped by Chris Driedger without a rebound.
13:40 of 1st period - Joe Pavelski wins face-off versus Alexander Kerfoot in Canucks zone.
13:40 of 1st period - Joe Pavelski is hit by Ian Cole.
14:03 of 1st period - Shot by Alex Iafallo.
14:03 of 1st period - Stopped by Chris Driedger without a rebound.
14:04 of 1st period - Logan Couture wins face-off versus Ryan Getzlaf in Canucks zone.
14:18 of 1st period - Shot by Logan Couture.
14:18 of 1st period - Stopped by Chris Driedger without a rebound.
14:19 of 1st period - Joe Pavelski wins face-off versus Alex Galchenyuk in Canucks zone.
14:24 of 1st period - Shot by Alex Iafallo.
14:24 of 1st period - Deflect By Tomas Tatar.
14:24 of 1st period - Stopped by Chris Driedger without a rebound.
14:25 of 1st period - Ryan Getzlaf wins face-off versus Tomas Tatar in Canucks zone.
14:25 of 1st period - Ryan Getzlaf is hit by Tomas Tatar.
14:30 of 1st period - Jared Spurgeon is hit by Joe Pavelski.
14:55 of 1st period - Icing by Justin Faulk.
14:56 of 1st period - Joe Pavelski wins face-off versus Alexander Kerfoot in Oilers zone.
14:56 of 1st period - Joe Pavelski is hit by Alex Galchenyuk.
15:25 of 1st period - Icing by Artem Zub.
15:26 of 1st period - Alex Galchenyuk wins face-off versus John Tavares in Canucks zone.
15:37 of 1st period - Shot by Logan Couture.
15:37 of 1st period - Stopped by Chris Driedger without a rebound.
15:38 of 1st period - Quinton Byfield wins face-off versus Christian Dvorak in Canucks zone.
15:38 of 1st period - Quinton Byfield is hit by Tyler Motte.
16:07 of 1st period - Shot by Jared Spurgeon.
16:07 of 1st period - Shot Blocked by Tyler Motte.
16:09 of 1st period - Shot by Christian Fischer.
16:09 of 1st period - Shot Blocked by Mike Reilly.
16:17 of 1st period - Shot by Sam Gagner.
16:17 of 1st period - Shot Misses the Net.
16:26 of 1st period - Minor Penalty to P.K. Subban for Interference.
16:26 of 1st period - Minor Penalty to Tyler Motte for Slashing.
16:27 of 1st period - Ryan Getzlaf wins face-off versus John Tavares in Canucks zone.
17:47 of 1st period - Shot by Alex Galchenyuk.
17:47 of 1st period - Stopped by Connor Hellebuyck without a rebound.
17:48 of 1st period - Alex Galchenyuk wins face-off versus Joe Pavelski in Oilers zone.
17:57 of 1st period - Shot by Joe Pavelski.
17:57 of 1st period - Shot Blocked by Jared Spurgeon.
Goals for this period are 1 for Oilers vs 0 for Canucks.
Shots for this period are 7 for Oilers vs 3 for Canucks.

2nd period


0:01 of 2nd period - Kevin Hayes wins face-off versus Ryan Getzlaf in neutral zone.
0:32 of 2nd period - Shot by John Tavares.
0:32 of 2nd period - Shot Misses the Net.
0:44 of 2nd period - Shot by Trevor Moore.
0:44 of 2nd period - Deflect By Jack Hughes.
0:44 of 2nd period - Shot Hit the Post.
1:02 of 2nd period - Shot by Alexander Kerfoot.
1:02 of 2nd period - Stopped by Connor Hellebuyck without a rebound.
1:03 of 2nd period - Joe Pavelski wins face-off versus Quinton Byfield in Oilers zone.
1:14 of 2nd period - Shot by Joe Pavelski.
1:14 of 2nd period - Shot Misses the Net.
1:18 of 2nd period - Shot by Alex Iafallo.
1:18 of 2nd period - Shot Misses the Net.
1:20 of 2nd period - Shot by Mark Giordano.
1:20 of 2nd period - Shot Misses the Net.
1:22 of 2nd period - Shot by Alex Iafallo.
1:22 of 2nd period - Stopped by Chris Driedger with a rebound.
2:09 of 2nd period - Icing by Jan Rutta.
2:10 of 2nd period - Alex Galchenyuk wins face-off versus Jordan Eberle in Canucks zone.
2:19 of 2nd period - Shot by Jordan Eberle.
2:19 of 2nd period - Stopped by Chris Driedger with a rebound.
2:21 of 2nd period - Shot by Jordan Eberle.
2:21 of 2nd period - Shot Misses the Net.
2:23 of 2nd period - Shot by Brian Dumoulin.
2:23 of 2nd period - Shot Misses the Net.
3:57 of 2nd period - Icing by Mark Giordano.
3:58 of 2nd period - Casey Cizikas wins face-off versus Ryan Getzlaf in Oilers zone.
3:58 of 2nd period - Casey Cizikas is hit by Ryan Getzlaf.
4:32 of 2nd period - Shot by Ryan Getzlaf.
4:32 of 2nd period - Shot Hit the Post.
4:52 of 2nd period - Joe Pavelski is hit by Ryan Getzlaf and loses puck.
5:27 of 2nd period - Shot by Quinton Byfield.
5:27 of 2nd period - Stopped by Connor Hellebuyck without a rebound.
5:28 of 2nd period - John Tavares wins face-off versus Arttu Ruotsalainen in Oilers zone.
5:28 of 2nd period - John Tavares is hit by Karson Kuhlman.
6:06 of 2nd period - Shot by John Tavares.
6:06 of 2nd period - Shot Misses the Net.
6:25 of 2nd period - Icing by Sam Gagner.
6:26 of 2nd period - Joe Pavelski wins face-off versus Quinton Byfield in Canucks zone.
6:47 of 2nd period - Shot by Christian Fischer.
6:47 of 2nd period - Deflect By Quinton Byfield.
6:47 of 2nd period - Goal by Quinton Byfield - Oilers : 1 - Canucks : 1.
6:48 of 2nd period - Christian Dvorak wins face-off versus Ryan Getzlaf in neutral zone.
6:55 of 2nd period - Shot by Christian Dvorak.
6:55 of 2nd period - Stopped by Chris Driedger without a rebound.
6:56 of 2nd period - Ryan Getzlaf wins face-off versus Joe Pavelski in Canucks zone.
9:42 of 2nd period - Artem Zub is hit by Mark Giordano.
9:49 of 2nd period - Minor Penalty to Mark Giordano for Hooking.
9:50 of 2nd period - Ryan Getzlaf wins face-off versus Logan Couture in Oilers zone.
9:53 of 2nd period - Shot by Jack Hughes.
9:53 of 2nd period - Shot Misses the Net.
10:20 of 2nd period - Shot by Jack Hughes.
10:20 of 2nd period - Stopped by Connor Hellebuyck without a rebound.
10:21 of 2nd period - Casey Cizikas wins face-off versus Alex Galchenyuk in Oilers zone.
10:21 of 2nd period - Casey Cizikas is hit by Austin Wagner.
10:37 of 2nd period - Shot by Alexander Kerfoot.
10:37 of 2nd period - Goal by Alexander Kerfoot - Oilers : 1 - Canucks : 2.
10:38 of 2nd period - Arttu Ruotsalainen wins face-off versus Casey Cizikas in neutral zone.
10:40 of 2nd period - Jan Rutta is hit by Casey Cizikas.
10:48 of 2nd period - Shot by Keith Yandle.
10:48 of 2nd period - Shot Misses the Net.
10:50 of 2nd period - Shot by Keith Yandle.
10:50 of 2nd period - Shot Misses the Net.
10:58 of 2nd period - Shot by Robby Fabbri.
10:58 of 2nd period - Stopped by Chris Driedger without a rebound.
10:59 of 2nd period - Ryan Getzlaf wins face-off versus Joe Pavelski in Canucks zone.
11:21 of 2nd period - Justin Faulk is hit by Ian Cole and loses puck.
12:16 of 2nd period - Minor Penalty to Kevin Hayes for Interference.
12:17 of 2nd period - Casey Cizikas wins face-off versus Alex Galchenyuk in Oilers zone.
12:28 of 2nd period - Shot by Jared Spurgeon.
12:28 of 2nd period - Deflect By Alex Galchenyuk.
12:28 of 2nd period - Stopped by Connor Hellebuyck with a rebound.
12:30 of 2nd period - Shot by Alexander Kerfoot.
12:30 of 2nd period - Shot Blocked by Tyler Motte.
12:42 of 2nd period - Shot by P.K. Subban.
12:42 of 2nd period - Stopped by Connor Hellebuyck without a rebound.
12:43 of 2nd period - Alex Galchenyuk wins face-off versus Logan Couture in Oilers zone.
13:17 of 2nd period - Shot by Tyler Motte.
13:17 of 2nd period - Stopped by Chris Driedger without a rebound.
13:18 of 2nd period - Ryan Getzlaf wins face-off versus Tyler Motte in Canucks zone.
13:40 of 2nd period - Shot by Artem Zub.
13:40 of 2nd period - Stopped by Connor Hellebuyck with a rebound.
13:42 of 2nd period - Shot by Artem Zub.
13:42 of 2nd period - Stopped by Connor Hellebuyck without a rebound.
13:43 of 2nd period - Ryan Getzlaf wins face-off versus Casey Cizikas in Oilers zone.
13:57 of 2nd period - Shot by Jared Spurgeon.
13:57 of 2nd period - Stopped by Connor Hellebuyck without a rebound.
13:58 of 2nd period - Alex Galchenyuk wins face-off versus Logan Couture in Oilers zone.
14:01 of 2nd period - Shot by Ian Cole.
14:01 of 2nd period - Shot Misses the Net.
14:03 of 2nd period - Shot by Artem Zub.
14:03 of 2nd period - Shot Blocked by Mark Giordano.
14:05 of 2nd period - Shot by Austin Wagner.
14:05 of 2nd period - Stopped by Connor Hellebuyck without a rebound.
14:06 of 2nd period - Casey Cizikas wins face-off versus Alex Galchenyuk in Oilers zone.
14:06 of 2nd period - Casey Cizikas is hit by Austin Wagner.
14:39 of 2nd period - Jan Rutta is hit by Tomas Tatar and loses puck.
14:44 of 2nd period - Shot by Tomas Tatar.
14:44 of 2nd period - Shot Misses the Net.
15:59 of 2nd period - Shot by Austin Wagner.
15:59 of 2nd period - Stopped by Connor Hellebuyck without a rebound.
16:00 of 2nd period - Jordan Eberle wins face-off versus Ryan Getzlaf in Oilers zone.
16:10 of 2nd period - Jack Hughes is hit by Keith Yandle and loses puck.
16:40 of 2nd period - Off-side.
16:41 of 2nd period - Joe Pavelski wins face-off versus Arttu Ruotsalainen in neutral zone.
17:14 of 2nd period - Shot by Alex Iafallo.
17:14 of 2nd period - Stopped by Chris Driedger without a rebound.
17:15 of 2nd period - John Tavares wins face-off versus Alex Galchenyuk in Canucks zone.
17:28 of 2nd period - Dakota Mermis is hit by Logan Couture and loses puck.
17:43 of 2nd period - Shot by Kevin Hayes.
17:43 of 2nd period - Stopped by Chris Driedger without a rebound.
17:44 of 2nd period - Ryan Getzlaf wins face-off versus Christian Dvorak in Canucks zone.
18:45 of 2nd period - Alex Iafallo is hit by Austin Wagner and loses puck.
18:58 of 2nd period - Shot by Artem Zub.
18:58 of 2nd period - Stopped by Connor Hellebuyck without a rebound.
18:59 of 2nd period - Arttu Ruotsalainen wins face-off versus John Tavares in Oilers zone.
19:59 of 2nd period - Shot by Alex Galchenyuk.
19:59 of 2nd period - Deflect By Austin Wagner.
19:59 of 2nd period - Shot Misses the Net.
Goals for this period are 0 for Oilers vs 2 for Canucks.
Shots for this period are 7 for Oilers vs 13 for Canucks.

3rd period


0:01 of 3rd period - Joe Pavelski wins face-off versus Alex Galchenyuk in neutral zone.
0:06 of 3rd period - Austin Wagner is hit by Tomas Tatar and loses puck.
0:12 of 3rd period - Icing by Jared Spurgeon.
0:13 of 3rd period - Alexander Kerfoot wins face-off versus John Tavares in Canucks zone.
0:13 of 3rd period - P.K. Subban is hit by Kevin Hayes and loses puck.
0:30 of 3rd period - Shot by Alex Galchenyuk.
0:30 of 3rd period - Shot Misses the Net.
0:52 of 3rd period - Shot by Alexander Kerfoot.
0:52 of 3rd period - Shot Blocked by Logan Couture.
1:09 of 3rd period - Icing by Keith Yandle.
1:10 of 3rd period - John Tavares wins face-off versus Quinton Byfield in Oilers zone.
1:16 of 3rd period - Christian Fischer is hit by Mark Giordano and loses puck.
1:27 of 3rd period - Shot by Christian Fischer.
1:27 of 3rd period - Stopped by Connor Hellebuyck without a rebound.
1:28 of 3rd period - Ryan Getzlaf wins face-off versus Joe Pavelski in Oilers zone.
1:35 of 3rd period - Shot by Trevor Moore.
1:35 of 3rd period - Stopped by Connor Hellebuyck without a rebound.
1:36 of 3rd period - Joe Pavelski wins face-off versus Ryan Getzlaf in Oilers zone.
1:52 of 3rd period - Shot by Trevor Moore.
1:52 of 3rd period - Shot Misses the Net.
2:01 of 3rd period - Minor Penalty to P.K. Subban for Boarding.
2:02 of 3rd period - Joe Pavelski wins face-off versus Alex Galchenyuk in Canucks zone.
2:18 of 3rd period - Shot by Justin Faulk.
2:18 of 3rd period - Shot Misses the Net.
2:20 of 3rd period - Shot by Justin Faulk.
2:20 of 3rd period - Goal by Justin Faulk - Oilers : 2 - Canucks : 2.
2:21 of 3rd period - Sam Gagner wins face-off versus Christian Dvorak in neutral zone.
2:42 of 3rd period - Shot by Jordan Eberle.
2:42 of 3rd period - Stopped by Chris Driedger with a rebound.
2:44 of 3rd period - Shot by Tyler Motte.
2:44 of 3rd period - Stopped by Chris Driedger without a rebound.
2:45 of 3rd period - Casey Cizikas wins face-off versus Alexander Kerfoot in Canucks zone.
2:48 of 3rd period - Shot by Robby Fabbri.
2:48 of 3rd period - Stopped by Chris Driedger without a rebound.
2:49 of 3rd period - Alex Galchenyuk wins face-off versus Joe Pavelski in Canucks zone.
3:05 of 3rd period - Shot by Tomas Tatar.
3:05 of 3rd period - Deflect By Joe Pavelski.
3:05 of 3rd period - Stopped by Chris Driedger without a rebound.
3:06 of 3rd period - Ryan Getzlaf wins face-off versus Christian Dvorak in Canucks zone.
3:10 of 3rd period - Icing by Trevor Moore.
3:11 of 3rd period - Ryan Getzlaf wins face-off versus Joe Pavelski in Canucks zone.
3:30 of 3rd period - Ryan Pulock is hit by Ryan Getzlaf and loses puck.
3:45 of 3rd period - Justin Faulk is hit by Ryan Getzlaf and loses puck.
4:11 of 3rd period - Off-side.
4:12 of 3rd period - Alex Galchenyuk wins face-off versus Casey Cizikas in neutral zone.
4:51 of 3rd period - Shot by Robby Fabbri.
4:51 of 3rd period - Shot Blocked by Ian Cole.
4:53 of 3rd period - Shot by Brian Dumoulin.
4:53 of 3rd period - Shot Misses the Net.
4:55 of 3rd period - Shot by Casey Cizikas.
4:55 of 3rd period - Shot Misses the Net.
5:31 of 3rd period - Shot by Quinton Byfield.
5:31 of 3rd period - Shot Misses the Net.
5:33 of 3rd period - Shot by Dakota Mermis.
5:33 of 3rd period - Stopped by Connor Hellebuyck without a rebound.
5:34 of 3rd period - Joe Pavelski wins face-off versus Arttu Ruotsalainen in Oilers zone.
5:34 of 3rd period - Joe Pavelski is hit by David Backes.
5:40 of 3rd period - Shot by Justin Faulk.
5:40 of 3rd period - Stopped by Chris Driedger with a rebound.
5:44 of 3rd period - Shot by Alex Iafallo.
5:44 of 3rd period - Stopped by Chris Driedger without a rebound.
5:45 of 3rd period - Ryan Getzlaf wins face-off versus John Tavares in Canucks zone.
5:50 of 3rd period - Ryan Pulock is hit by Ryan Getzlaf and loses puck.
5:54 of 3rd period - Icing by Ryan Pulock.
5:55 of 3rd period - Quinton Byfield wins face-off versus John Tavares in Oilers zone.
6:45 of 3rd period - Icing by P.K. Subban.
6:46 of 3rd period - Joe Pavelski wins face-off versus Sam Gagner in Canucks zone.
7:13 of 3rd period - Shot by Joe Pavelski.
7:13 of 3rd period - Stopped by Chris Driedger with a rebound.
7:15 of 3rd period - Shot by Mark Giordano.
7:15 of 3rd period - Stopped by Chris Driedger without a rebound.
7:16 of 3rd period - Ryan Getzlaf wins face-off versus Christian Dvorak in Canucks zone.
7:57 of 3rd period - Icing by Brian Dumoulin.
7:58 of 3rd period - Christian Dvorak wins face-off versus Alex Galchenyuk in Oilers zone.
7:58 of 3rd period - Christian Dvorak is hit by Austin Wagner.
8:08 of 3rd period - Shot by Christian Dvorak.
8:08 of 3rd period - Stopped by Chris Driedger without a rebound.
8:09 of 3rd period - Joe Pavelski wins face-off versus Arttu Ruotsalainen in Canucks zone.
8:36 of 3rd period - Shot by Mark Giordano.
8:36 of 3rd period - Shot Blocked by P.K. Subban.
8:38 of 3rd period - Shot by Joe Pavelski.
8:38 of 3rd period - Shot Blocked by David Backes.
8:40 of 3rd period - Shot by Keith Yandle.
8:40 of 3rd period - Shot Blocked by P.K. Subban.
8:44 of 3rd period - Shot by Alex Iafallo.
8:44 of 3rd period - Stopped by Chris Driedger without a rebound.
8:45 of 3rd period - Alex Galchenyuk wins face-off versus John Tavares in Canucks zone.
8:47 of 3rd period - Icing by Ian Cole.
8:48 of 3rd period - John Tavares wins face-off versus Alex Galchenyuk in Canucks zone.
9:01 of 3rd period - Minor Penalty to Ryan Pulock for Holding.
9:02 of 3rd period - Casey Cizikas wins face-off versus Trevor Moore in Oilers zone.
10:26 of 3rd period - Shot by Austin Wagner.
10:26 of 3rd period - Stopped by Connor Hellebuyck without a rebound.
10:27 of 3rd period - Logan Couture wins face-off versus Austin Wagner in Oilers zone.
10:43 of 3rd period - Icing by Artem Zub.
10:44 of 3rd period - Alex Galchenyuk wins face-off versus Logan Couture in Canucks zone.
11:04 of 3rd period - Joe Pavelski is hit by Quinton Byfield and loses puck.
11:25 of 3rd period - Minor Penalty to Dakota Mermis for Slashing.
11:26 of 3rd period - Ryan Getzlaf wins face-off versus John Tavares in Canucks zone.
11:52 of 3rd period - Shot by Logan Couture.
11:52 of 3rd period - Stopped by Chris Driedger without a rebound.
11:53 of 3rd period - Ryan Getzlaf wins face-off versus Joe Pavelski in Canucks zone.
12:12 of 3rd period - Shot by Tomas Tatar.
12:12 of 3rd period - Stopped by Chris Driedger without a rebound.
12:13 of 3rd period - John Tavares wins face-off versus Alex Galchenyuk in Canucks zone.
12:18 of 3rd period - Shot by Kevin Hayes.
12:18 of 3rd period - Shot Blocked by Ian Cole.
12:20 of 3rd period - Shot by Kevin Hayes.
12:20 of 3rd period - Shot Misses the Net.
12:22 of 3rd period - Shot by Logan Couture.
12:22 of 3rd period - Shot Blocked by Ian Cole.
12:26 of 3rd period - Shot by Ryan Pulock.
12:26 of 3rd period - Shot Blocked by Ian Cole.
12:28 of 3rd period - Shot by Kevin Hayes.
12:28 of 3rd period - Shot Blocked by Ian Cole.
12:30 of 3rd period - Shot by John Tavares.
12:30 of 3rd period - Shot Misses the Net.
12:32 of 3rd period - Shot by Ryan Pulock.
12:32 of 3rd period - Stopped by Chris Driedger with a rebound.
12:40 of 3rd period - Shot by Keith Yandle.
12:40 of 3rd period - Stopped by Chris Driedger without a rebound.
12:41 of 3rd period - Ryan Getzlaf wins face-off versus Joe Pavelski in Canucks zone.
12:41 of 3rd period - Ryan Getzlaf is hit by Tomas Tatar.
12:55 of 3rd period - Shot by Alex Iafallo.
12:55 of 3rd period - Shot Misses the Net.
12:57 of 3rd period - Shot by Justin Faulk.
12:57 of 3rd period - Stopped by Chris Driedger with a rebound.
12:59 of 3rd period - Shot by Tomas Tatar.
12:59 of 3rd period - Goal by Tomas Tatar - Oilers : 3 - Canucks : 2.
13:00 of 3rd period - Arttu Ruotsalainen wins face-off versus John Tavares in neutral zone.
16:02 of 3rd period - Icing by Mark Giordano.
16:03 of 3rd period - Quinton Byfield wins face-off versus Christian Dvorak in Oilers zone.
16:19 of 3rd period - Quinton Byfield is hit by Kevin Hayes and loses puck.
17:15 of 3rd period - Icing by Dakota Mermis.
17:16 of 3rd period - Casey Cizikas wins face-off versus Ryan Getzlaf in Canucks zone.
18:13 of 3rd period - Off-side.
18:14 of 3rd period - Alex Galchenyuk wins face-off versus Tomas Tatar in neutral zone.
18:19 of 3rd period - Shot by Austin Wagner.
18:19 of 3rd period - Shot Blocked by Keith Yandle.
18:21 of 3rd period - Shot by P.K. Subban.
18:21 of 3rd period - Goal by P.K. Subban - Oilers : 3 - Canucks : 3.
18:22 of 3rd period - Alex Galchenyuk wins face-off versus Joe Pavelski in neutral zone.
18:38 of 3rd period - Shot by Austin Wagner.
18:38 of 3rd period - Deflect By Alexander Kerfoot.
18:38 of 3rd period - Shot Misses the Net.
18:42 of 3rd period - Shot by Alexander Kerfoot.
18:42 of 3rd period - Shot Misses the Net.
18:44 of 3rd period - Shot by Jared Spurgeon.
18:44 of 3rd period - Goal by Jared Spurgeon - Oilers : 3 - Canucks : 4.
18:45 of 3rd period - John Tavares wins face-off versus Quinton Byfield in neutral zone.
18:54 of 3rd period - Shot by Logan Couture.
18:54 of 3rd period - Stopped by Chris Driedger without a rebound.
18:55 of 3rd period - Christian Dvorak wins face-off versus Arttu Ruotsalainen in Canucks zone.
Goals for this period are 2 for Oilers vs 2 for Canucks.
Shots for this period are 18 for Oilers vs 6 for Canucks.




Output by the SimonT Hockey Simulator (STHS) for Eric Henault - Original Page W3C HTML5 Valid
Hockey Simulator - Hockey Simulation - Hockey Manager